 Dungeon Crawl Stone Soup version 0.31.0-32-g396128a36d (webtiles) character file.

Game seed: 6024205064999436238

101 Xerberus86 the Slasher (level 4, -8/35 HPs)
             Began as a Human Fighter on Apr 13, 2024.
             Was an Initiate of the Shining One.
             Killed by nerve-wracking pain
             ... invoked by an orc priest
              (14 damage)
             ... on level 4 of the Dungeon.
             The game lasted 00:07:18 (2181 turns).

Xerberus86 the Slasher (Human Fighter)              Turns: 2181, Time: 00:07:18

Health: -8/35      AC:  9    Str: 18    XL:     4   Next: 75%
Magic:  4/4        EV:  7    Int:  8    God:    the Shining One [......]
Gold:   139        SH:  5    Dex: 19    Spells: 3/3 levels left

rFire   . . .        a - +0 long sword
rCold   . . .        c - +0 buckler
rNeg    . . .        q - +0 chain mail
rPois   .            (no helmet)
rElec   .            (no cloak)
rCorr   .            (no gloves)
SInv    .            (no boots)
Will    .....        (no amulet) Stlth
                     b - +6 ring of dexterity
HPRegen 0.25/turn    (no ring)
MPRegen 0.09/turn

%: no passive effects
@: glowing
A: explore regen
a: Renounce Religion


You were on level 4 of the Dungeon.
You worshipped the Shining One.
The Shining One was noncommittal.
You visited 1 branch of the dungeon, and saw 4 of its levels.

You collected 139 gold pieces.

Inventory:

Hand Weapons
 a - a +0 long sword (weapon)
Missiles
 g - 25 stones (quivered)
Armour
 c - a +0 buckler (worn)
 q - a +0 chain mail (worn)
Jewellery
 b - a +6 ring of dexterity (left hand)
Scrolls
 k - 2 scrolls of identify {unknown}
 l - a scroll of noise {unknown}
 m - 2 scrolls of fog {unknown}
 n - 3 scrolls of revelation {unknown}
 o - a scroll of poison {unknown}
 p - a scroll of torment {unknown}
 t - 2 scrolls of teleportation {unknown}
Potions
 d - 3 potions of might
 e - 2 potions of lignification {unknown}
 f - a potion of berserk rage {unknown}
 h - 3 potions of ambrosia {unknown}
 i - a potion of enlightenment {unknown}
 j - 2 potions of invisibility {unknown}
 r - a potion of curing {unknown}
 s - 2 potions of mutation {unknown}


   Skills:
 + Level 3.4 Fighting
 * Level 4.0 Long Blades
 + Level 3.5 Armour
 - Level 3.0 Shields


You had 3 spell levels left.
You didn't know any spells.
Your spell library contained the following spells:

 Spells                   Type           Power      Damage    Failure   Level
 Tukima's Dance           Hex            0%         N/A       100%        3
 Passage of Golubria      Tloc           0%         N/A       100%        4
 Yara's Violent Unravell  Hex/Alch       0%         3d3       100%        5


Dungeon Overview and Level Annotations

Branches:
Dungeon (4/15)
 Temple: D:4-7

Altars:
The Shining One


Innate Abilities, Weirdness & Mutations

You regain HP and MP as you explore.


Message History

Beogh smites you!
Your Long Blades skill increases to level 4!
The orc priest hits you but does no damage.
There is an open door, spattered with blood here.
Things that are here:
a +0 falchion; a boomerang; an orc corpse You slash the orc priest!
The orc priest is severely wounded.
An orc comes into view. It is wielding a +0 trident.
The orc closely misses you. You block the orc priest's attack.
You hit the orc priest.
The orc priest is almost dead.
You block the orc priest's attack. The orc barely misses you.
You barely miss the orc priest.
The orc priest is almost dead.
The orc priest looks satisfied for a moment.
You hear some strange, mumbled words.
A magic dart appears from out of thin air!
The magic dart hits you but does no damage.
The orc barely misses you. You block the orc's attack.
You barely miss the orc priest.
The orc priest is almost dead.
The orc priest mumbles some strange prayers to Beogh against you.
Pain shoots through your body!
You hear some strange, mumbled words.
A puff of flame appears from out of thin air!
The puff of flame hits you. The orc hits you but does no damage.
The orc completely misses you. Something hits you but does no damage.
The orc priest barely misses you.
You closely miss the orc priest.
The orc priest is almost dead.
The orc barely misses you. The orc hits you with a +0 flail!
* * * LOW HITPOINT WARNING * * *
The orc priest hits you but does no damage.
Something hits you but does no damage. The orc hits you but does no damage.
The orc barely misses you. The orc attacks as it pursues you!
The orc barely misses you.
The orc priest mumbles some strange prayers to Beogh against you.
Pain shoots through your body!
You die...

.$..# .... #.
#..#
##..###..#######
................
.......oo{......
....!###o####..
##. #....##..##
#..@.......
#..........
#..........
#..........
#..........
###########


You could see an orc priest and 2 orcs.

Vanquished Creatures
  2 adders (D:2)
  2 ribbon worms
  2 dart slugs
  An orc (D:4)
  5 ball pythons
  7 bats
  8 endoplasms
  3 giant cockroaches
  4 goblins
  5 hobgoblins
  8 jackals
  4 quokkas
  8 frilled lizards
  6 kobolds
  3 rats
68 creatures vanquished.

Notes
Turn   | Place    | Note
-------+----------+-------------------------------------------
     0 | D:1      | Xerberus86 the Human Fighter began the quest for the Orb.
     0 | D:1      | Reached XP level 1. HP: 18/18 MP: 1/1
    40 | D:1      | Reached XP level 2. HP: 24/24 MP: 2/2
   651 | D:1      | Reached XP level 3. HP: 29/29 MP: 3/3
   847 | D:2      | Reached skill level 3 in Long Blades
  1140 | D:2      | Found a glowing golden altar of the Shining One.
  1149 | D:2      | Became a worshipper of the Shining One
  1202 | D:2      | Reached XP level 4. HP: 35/35 MP: 4/4
  1569 | D:3      | Identified the +6 quarterstaff of the Fulmar {drain, rC-
                  | Int+5}
  2174 | D:4      | Reached skill level 4 in Long Blades
  2181 | D:4      | Killed from afar by an orc priest

Illustrated notes

Levels and vault maps discovered:
D:1:      mrwooster_arrival_statue, layout_basic, chequers_garden
D:2:      layout_basic, basic_altar, grunt_decor_mini_mirrors
D:3:      layout_loops_ring, st_stairs_5
D:4:      layout_gridville, minmay_fire_ice_demons

Skill      XL: |  1  2  3  4 |
---------------+-------------+-----
Long Blades    | 3 4 |  4.0
Fighting       | |  3.4
Armour         | |  3.5
Shields        | |  3.0

Action                     |  1- 3 |  4- 6 || total
---------------------------+-------+-------++-------
  Melee: Long sword        |   114 |    71 ||   185
  Throw: Stone             |     6 |       ||     6
 Armour: Scale mail        |    37 |       ||    37
         Chain mail        |    57 |    48 ||   105
  Dodge: Dodged            |    56 |    30 ||    86
  Block: Buckler           |    28 |    18 ||    46
